 Dungeon Crawl Stone Soup version 0.29.1-14-g9c671dbff4 (webtiles) character file.

Game seed: 3919976023347183174

1593049 bjubeck the Conqueror (level 27, 273/273 HPs)
             Began as a Minotaur Berserker on Feb 10, 2023.
             Was the Champion of Trog.
             Escaped with the Orb
             ... and 3 runes on Feb 15, 2023!
             The game lasted 06:11:22 (89194 turns).

bjubeck the Conqueror (Minotaur Berserker)         Turns: 89194, Time: 06:11:23

Health: 273/273    AC: 48    Str: 41    XL:     27
Magic:  28/28      EV: 12    Int: 16    God:    Trog [******]
Gold:   7449       SH: 28    Dex:  4    Spells: 26/26 levels left

rFire   + + +      SeeInvis .   t - +7 war axe of Integrity {spect, rF+ rN+ Str+2 Int+2}
rCold   + + +      Faith    .   p - +1 tower shield "Dudialod" {rCorr MP+9}
rNeg    + + .      Spirit   .   N - +10 gold dragon scales
rPois   +          Reflect  +   Y - +1 hat of Janur {Str+4 Int+7}
rElec   .          Harm     .   K - +2 cloak
rCorr   +          Rampage  +   l - +0 pair of gloves of Cugyvoyja {Rampage rPois Stlth-}
Will    ++...      Rage     9%  k - +2 pair of boots {rampage}
Stlth   ..........              E - amulet of Lengi {Reflect +Blink rC+ SH+5}
HPRegen 0.55/turn               B - ring "Qelierim" {rPois rF++ Int+3 Dex-3}
MPRegen 0.21/turn               P - ring "Ikhel Tim" {rF+ rC+ rN+ Str+4}

@: hasted, very quick
A: horns 2, retaliatory headbutt, berserk 2, clumsy 2, low MP 1, weak 2, no
potion heal 1, subdued magic 1
0: Orb of Zot
}: 3/15 runes: decaying, silver, gossamer
a: Renounce Religion, Evoke Blink, Berserk, Trog's Hand, Brothers in Arms


You escaped.
You worshipped Trog.
Trog was exalted by your worship.
You visited 12 branches of the dungeon, and saw 52 of its levels.
You visited the Abyss 1 time.
You visited 1 ziggurat, and saw 8 of its levels.

You collected 8924 gold pieces.
You spent 1475 gold pieces at shops.

Inventory:

Hand Weapons
 f - the +8 hand axe "Kirraw" {vorpal, Dex+9 Stlth-}
   (Trog gifted it to you on level 5 of the Realm of Zot)

   It inflicts extra damage upon your enemies.
   Dex:       It affects your dexterity (+9).
   Stlth:     It makes you less stealthy.
 t - the +7 war axe of Integrity (weapon) {spect, rF+ rN+ Str+2 Int+2}
   (You found it on level 1 of the Swamp)

   When its wielder attacks, the weapon's spirit leaps out and strikes again.
   The spirit shares a part of any damage it takes with its wielder.
   Str:       It affects your strength (+2).
   Int:       It affects your intelligence (+2).
   rF:        It protects you from fire.
   rN:        It protects you from negative energy.
 y - a +5 vorpal war axe
 H - the +7 war axe of Arcadian Purpose {flame, +Blink rElec rC+}
   (You took it off Boris on level 5 of the Vaults)

   It burns those it strikes, dealing additional fire damage.
   Big, fiery blades are also staple armaments of hydra-hunters.
   rC:        It protects you from cold.
   rElec:     It insulates you from electricity.
   +Blink:    It lets you blink.
Missiles
 h - 44 poisoned darts (quivered)
Armour
 e - the +11 plate armour of Xogyeg {rPois rC+ Dex-4}
   (You found it on level 7 of a ziggurat)

   Dex:       It affects your dexterity (-4).
   rC:        It protects you from cold.
   rPois:     It protects you from poison.
 g - the +0 chain mail of the Thistle {rN+++ Slay+5 Stlth+}
   (You took it off a deep elf high priest on level 3 of the Elven Halls)

   Slay:      It affects your accuracy & damage with ranged weapons and melee
   (+5).
   rN:        It renders you almost immune to negative energy.
   Stlth:     It makes you more stealthy.
 i - the +7 swamp dragon scales "Amuohoff" {rPois rN+}
   (You found it on level 5 of the Vaults)

   rPois:     It protects you from poison.
   rN:        It protects you from negative energy.
 k - a +2 pair of boots of rampaging (worn)
 l - the +0 pair of gloves of Cugyvoyja (worn) {Rampage rPois Stlth-}
   (You found it on level 13 of the Dungeon)

   rPois:     It protects you from poison.
   Rampage:   It bestows one free step when moving towards enemies.
   Stlth:     It makes you less stealthy.
 p - the +1 tower shield "Dudialod" (worn) {rCorr MP+9}
   (You acquired it on level 4 of the Swamp)

   MP:        It affects your magic capacity (+9).
   rCorr:     It protects you from acid and corrosion.
 r - the +1 hat "Natteopp" {Dex+4}
   (You acquired it on level 2 of the Swamp)

   Dex:       It affects your dexterity (+4).
 A - a +2 buckler of reflection
 K - a +2 cloak (worn)
 N - +10 gold dragon scales (worn)
 Y - the +1 hat of Janur (worn) {Str+4 Int+7}
   (You acquired it on level 1 of the Elven Halls)

   Str:       It affects your strength (+4).
   Int:       It affects your intelligence (+7).
Jewellery
 b - an amulet of magic regeneration
 m - a ring of willpower
 s - the ring "Raekial" {rPois Str+3 Dex+5 SInv Stlth+}
   (You took it off a necromancer on level 2 of the Depths)

   [ring of see invisible]

   Str:       It affects your strength (+3).
   Dex:       It affects your dexterity (+5).
   rPois:     It protects you from poison.
   SInv:      It lets you see invisible.
   Stlth:     It makes you more stealthy.
 B - the ring "Qelierim" (left hand) {rPois rF++ Int+3 Dex-3}
   (You found it on level 1 of the Realm of Zot)

   [ring of poison resistance]

   Int:       It affects your intelligence (+3).
   Dex:       It affects your dexterity (-3).
   rF:        It greatly protects you from fire.
   rPois:     It protects you from poison.
 D - a +6 ring of intelligence
 E - the amulet of Lengi (around neck) {Reflect +Blink rC+ SH+5}
   (You found it on level 1 of the Spider Nest)

   [amulet of reflection]

   It reflects blocked missile attacks.
   rC:        It protects you from cold.
   +Blink:    It lets you blink.
   SH:        It affects your SH (+5).
 L - the ring of Ephemeral Luck {Ice rElec Will+ Dex-3 Slay+4}
   (You took it off Josephina on level 2 of the Realm of Zot)

   [ring of ice]

   It enhances your ice magic.
   Dex:       It affects your dexterity (-3).
   Slay:      It affects your accuracy & damage with ranged weapons and melee
   (+4).
   rF:        It makes you vulnerable to fire.
   rC:        It protects you from cold.
   rElec:     It insulates you from electricity.
   Will:      It increases your willpower.
 P - the ring "Ikhel Tim" (right hand) {rF+ rC+ rN+ Str+4}
   (You found it on level 3 of the Crypt)

   [ring of positive energy]

   Str:       It affects your strength (+4).
   rF:        It protects you from fire.
   rC:        It protects you from cold.
   rN:        It protects you from negative energy.
 T - a +6 ring of dexterity
Wands
 v - a wand of quicksilver (32)
 x - a wand of digging (6)
 C - a wand of paralysis (89)
 M - a wand of mindburst (48)
 U - a wand of flame (97)
 V - a wand of polymorph (28)
 X - a wand of iceblast (10)
Scrolls
 a - 2 scrolls of silence
 c - 5 scrolls of summoning
 j - 7 scrolls of enchant weapon
 o - 5 scrolls of blinking
 q - 7 scrolls of fog
 u - 6 scrolls of brand weapon
 J - 16 scrolls of teleportation
 S - 2 scrolls of fear
 W - 4 scrolls of magic mapping
Potions
 d - 23 potions of curing
 n - 12 potions of might
 w - 4 potions of heal wounds
 z - 4 potions of cancellation
 F - 4 potions of resistance
 G - 6 potions of invisibility
 I - 2 potions of haste
 O - 10 potions of flight
 R - 10 potions of ambrosia


   Skills:
 O Level 27 Fighting
 + Level 26.0 Axes
 O Level 27 Armour
 O Level 27 Dodging
 O Level 27 Shields
 - Level 10.0 Evocations


You had 26 spell levels left.
You didn't know any spells.
Your spell library was empty.

Dungeon Overview and Level Annotations

Branches:
Dungeon (15/15)            Temple (0/1) D:5            Lair (5/5) D:8
  Swamp (4/4) Lair:3       Spider (4/4) Lair:3        Slime (0/5) Lair:5
    Orc (2/2) D:10            Elf (3/3) Orc:2        Vaults (5/5) D:14
  Crypt (3/3) Vaults:3       Tomb (1/3) Crypt:3      Depths (4/4) D:15
   Hell (visited)             Dis (0/7) Hell            Geh (0/7) Hell
    Coc (0/7) Hell            Tar (0/7) Hell            Zot (5/5) Depths:4

Altars:
Dithmenos
Elyvilon
Gozag
Hepliaklqana
Kikubaaqudgha
Okawaru
Qazlal
Trog
Uskayaw
Vehumet
Wu Jian
Xom
Yredelemnul
Zin
Jiyva

Shops:
D:5 =   D:6 *   D:7 !   D:11 [   D:15 ?   Orc:2 ?(*(   Elf:2 :   Elf:3 :*
Vaults:4 :   Vaults:5 *?   Depths:1 =   Depths:2 ==:

Portals:
Hell: Depths:1 Depths:2 Depths:4
Pandemonium: Depths:2 Depths:4

Annotations:
Lair:5 exclusion: oklob plant
Spider:2 2 transporters, hbarley's ghost, adept HOFi
Spider:4 2 transporters, mikeweasel's ghost, adept HOMo
Orc:1 3 runed translucent doors, exclusion: obsidian statue, nshep25's ghost, novice MiFi
Depths:3 exclusion: orange crystal statue
Zot:1 1 runed translucent door, dylex's ghost, legendary DjVM
Zot:5 exclusion: obsidian statue


Innate Abilities, Weirdness & Mutations

You have a pair of horns on your head.
You reflexively headbutt those who attack you in melee.
You have an uncontrollable temper.
You are very clumsy. (Dex -4)
Your magical capacity is low. (-10% MP)
You are very weak. (Str -4)
Potions are less effective at restoring your health.
Your spells are a little easier to cast, but a little less powerful.


Message History

You closely miss the hell hound.
The hell hound is severely wounded.
Your +7 war axe of Integrity {spect, rF+ rN+ Str+2 Int+2} closely misses the hell hound.
The hell hound bites you.
You slice the hell hound!!
You kill the hell hound!
Trog accepts your kill.
As you read the scroll of magic mapping, it crumbles to dust.
You feel aware of your surroundings.
There is an open door here.
There is a stone staircase leading up here.
You climb upwards.
There is a stone staircase leading down here.
There is a stone staircase leading up here.
You climb upwards.
There is a stone staircase leading down here.
An Akac, a lich and an ufetubus come into view.
There is an open door here.
You feel yourself speed up.
The ufetubus shouts!
You block the ufetubus's attack.
The ufetubus hits you but does no damage.
Akac conjures a glowing orb.
You block the ufetubus's attack.
The ufetubus hits you but does no damage.
An orb of destruction comes into view.
The wavering orb of destruction hits the lich!!!
There is an open door here.
The lich casts a spell.
The lich seems to speed up.
The ufetubus attacks as you move away! You block the ufetubus's attack. x2
The ufetubus attacks as you move away! You block the ufetubus's attack. x2
You open the door. The ufetubus attacks as you move away!
You block the ufetubus's attack. x2
There is an open door here.
The ufetubus attacks as you move away! The ufetubus completely misses you.
You block the ufetubus's attack.
There is a staircase leading out of the dungeon here.
You block the ufetubus's attack. x2
You have escaped!

...########.##....######.#.#####
#....# #.##....# #.#.# .....#
#.##....# #.#.# #....# #.###..##
#.#.# ##.########.####.####
#.#.#
.........&..#≈≈≈.§§≈####.#.#
#.##....###.'.≈≈§§§§'....#.#
........#
#.#≈..§§§≈###..#.######
.##.....#
#.#≈≈5@.§≈###..#.......
.......##
#.#≈.....≈#....######## .......#
#.+.≈≈§≈≈.+.##.# .......#
###§≈≈.≈≈≈####.# .:.....#
####.#### #.# .......# #..# #.#
###'#### #.## #.# .......#
##.########.# .......#
#........##.#


You could see Akac and an ufetubus.

Vanquished Creatures
  A pandemonium lord (Zig:5)
  The ghost of bakla the Sorcerer, a legendary DjIE of Makhleb (Zot:5)
  7 dread liches
  5 orbs of fire
  An ancient lich (Zot:2)
  A juggernaut (Depths:2)
  Sojobo (Depths:4)
  3 royal mummies (Crypt:2)
  Josephina (Zot:2)
  Boris (4 times) (Crypt:3 Vaults:5 Depths:1 D:12)
  5 Killer Klowns (Zot:5)
  Saint Roka (Vaults:4)
  3 curse toes
  Nikola (Vaults:3)
  Geryon (Hell)
  7 golden dragons
  A profane servitor (Crypt:2)
  5 bone dragons
  A Brimstone Fiend (Zot:5)
  3 electric golems
  3 doom hounds (Crypt:3)
  An iron giant (Zig:2)
  An Ice Fiend (Zot:5)
  5 liches
  A walking earthen tome (Depths:2)
  4 deep elf blademasters
  8 quicksilver dragons
  2 deep elf master archers (Elf:3)
  26 Orb Guardians
  18 tentacled monstrosities
  Grunn (Crypt:3)
  A walking divine tome (Depths:2)
  A shard shrike skeleton (Crypt:3)
  8 titans
  9 death cobs
  Asterion (Spider:3)
  2 tentacled starspawn
  5 ancient champions
  3 acid blobs
  6 sphinxes
  Kirke (D:12)
  2 thorn hunters
  9 storm dragons
  6 tengu reavers
  12 shadow dragons
  The ghost of leafyfresh the Spry, an adept DjIE of Ru (Swamp:1)
  3 draconian monks
  2 revenants
  A nagaraja (Vaults:1)
  9 frost giants
  6 draconian knights
  An azure jelly (Zig:6)
  A spectral juggernaut (Depths:3)
  11 ghost moths
  11 vault wardens
  Aizul (Elf:1)
  An orc warlord (Vaults:1)
  12 fire giants
  8 deep elf sorcerers
  2 curse skulls
  7 emperor scorpions
  A cacodemon (Hell)
  An iron dragon (Vaults:5)
  2 balrugs
  9 draconian scorchers
  A caustic shrike zombie (Crypt:3)
  3 deep elf elementalists (Elf:3)
  A spectral caustic shrike (Depths:3)
  5 draconian shifters
  4 draconian stormcallers
  14 ironbound preservers
  A demonspawn corrupter (Zig:5)
  2 ghouls
  5 draconian annihilators
  10 reapers
  A broodmother (shapeshifter) (Vaults:5)
  20 very ugly things
  3 broodmothers
  7 ironbound thunderhulks
  22 stone giants
  9 war gargoyles
  7 vampire knights
  5 deep elf demonologists
  2 demonspawn black suns (Zig:8)
  A putrid mouth (Crypt:3)
  9 green draconians
  13 black draconians
  12 deep elf annihilators
  14 purple draconians
  10 red draconians
  8 yellow draconians
  Azrael (Elf:1)
  5 bunyips
  4 eleionomae
  7 entropy weavers
  12 dire elephants
  3 eidola
  A bunyip (shapeshifter) (Vaults:5)
  13 white draconians
  16 spark wasps
  5 crystal guardians
  6 deep elf death magi
  An iron golem (Hell)
  2 shambling mangroves (Swamp:4)
  3 green deaths
  13 ettins
  A merfolk impaler (Depths:1)
  3 mummy priests (Crypt:2)
  18 yaktaur captains
  A merfolk javelineer (Depths:1)
  A spectral spriggan (Depths:3)
  A kraken zombie (Hell)
  3 blizzard demons
  6 jiangshi (Crypt:2)
  3 spriggan zombies
  9 deep elf high priests
  7 fire dragons
  A fenstrider witch zombie (Crypt:2)
  4 rakshasas
  Fannar (Lair:2)
  2 spectral golden dragons (Depths:3)
  14 boulder beetles
  35 vault guards
  6 great orbs of eyes
  12 ice dragons
  A quicksilver dragon skeleton (Crypt:3)
  4 peacekeepers
  22 hydras
  A spriggan skeleton (Crypt:3)
  2 catoblepae (D:14)
  A ghost crab (Swamp:4)
  7 ogre magi
  2 spectral shadow dragons (Depths:3)
  9 alligators
  A salamander tyrant (Zig:7)
  3 jorogumos
  11 centaur warriors
  2 spectral tengu (Depths:3)
  16 two-headed ogres
  2 death knights
  4 deep troll shamans
  5 ironbound frosthearts
  A spectral sphinx (Depths:3)
  4 spriggan air magi
  A juggernaut simulacrum (Crypt:1)
  4 spectral frost giants (Depths:3)
  2 tengu warriors
  A spectral fire giant (Depths:3)
  An Orb Guardian skeleton (Crypt:2)
  5 death yaks (Lair:4)
  2 vampire magi (Crypt:2)
  25 dancing weapons
  4 hell hogs
  7 deep troll earth magi
  2 titan zombies
  A bennu skeleton (Crypt:2)
  3 spriggan berserkers
  A shock serpent (Zig:7)
  3 thrashing horrors
  7 soul eaters
  11 spriggans
  23 hell knights
  11 sun demons
  A wretched star (Abyss:2)
  A salamander mystic (Zig:7)
  A storm dragon skeleton (Crypt:2)
  Sonja (D:11)
  A spectral storm dragon (Depths:3)
  18 deep elf knights
  3 sixfirhies (Depths:4)
  41 skeletal warriors
  A fire crab (shapeshifter) (D:13)
  8 goliath frogs
  Lodul (D:13)
  12 iron trolls
  11 steelbarb worms
  5 pharaoh ants
  A goliath frog (shapeshifter) (D:14)
  5 flayed ghosts
  A tengu zombie (Depths:2)
  6 swamp dragons
  3 spriggan druids (Swamp:1)
  50 deep trolls
  12 orb spiders
  5 wizards
  A glowing orange brain (shapeshifter) (Vaults:5)
  6 glowing orange brains
  23 ironbound convokers
  A sun moth (Spider:1)
  A naga ritualist (Zig:7)
  An anaconda skeleton (Hell)
  8 deep elf archers
  A swamp dragon (shapeshifter) (Vaults:5)
  10 bog bodies
  A bunyip skeleton (Abyss:2)
  9 lindwurms
  3 harpies (Vaults:1)
  A golden dragon skeleton (Crypt:2)
  11 phantasmal warriors
  20 necromancers
  An iron dragon zombie (Crypt:2)
  A shadow dragon zombie (Crypt:1)
  6 orc knights
  24 deep elf pyromancers
  23 deep elf zephyrmancers
  A draconian zombie (Crypt:2)
  A fire giant zombie (Crypt:1)
  A manticore (D:14)
  A manticore (shapeshifter) (Vaults:5)
  2 cyclopes (shapeshifter)
  11 orc sorcerers
  39 moths of wrath
  2 stone giant zombies (Crypt:3)
  2 will-o-the-wisps (Swamp:3)
  22 wolf spiders
  10 cyclopes
  30 ugly things
  A salamander (Zig:7)
  A toenail golem (D:10)
  9 black mambas
  7 elephants
  A black mamba (shapeshifter) (D:14)
  4 rust devils
  2 water nymphs (Swamp:4)
  A stone giant skeleton (Crypt:2)
  2 guardian serpents
  24 vault sentinels
  2 centaur zombies
  5 molten gargoyles (Hell)
  3 smoke demons
  4 naga magi
  10 demonic crawlers
  A white draconian zombie (Crypt:1)
  2 gargoyles
  5 torpor snails
  16 cane toads
  Maggie (Lair:2)
  A rime drake (Lair:5)
  2 centaur skeletons (Crypt:3)
  Psyche (D:11)
  2 orange demons
  A sea snake zombie (Hell)
  6 komodo dragons
  A shock serpent skeleton (Crypt:1)
  A minotaur zombie (Crypt:2)
  2 kobold demonologists (D:11)
  2 efreet
  A hellion (Depths:1)
  7 ice devils (Hell)
  A rime drake (shapeshifter) (D:14)
  13 freezing wraiths
  A komodo dragon (shapeshifter) (D:15)
  3 ancient zymes
  A hellwing (Depths:4)
  A hydra zombie (Hell)
  A spectral glowing shapeshifter (Depths:3)
  A guardian mummy (Crypt:2)
  33 yaktaurs
  A tormentor (Zig:2)
  3 harpy zombies
  8 trolls
  A red devil (D:7)
  A troll (shapeshifter) (D:13)
  A bloated husk (Swamp:2)
  A merfolk (shapeshifter) (Elf:3)
  4 meliai
  8 polar bears
  2 hydra skeletons
  27 tarantellas
  17 hornets
  A mana viper skeleton (Crypt:2)
  18 tyrant leeches
  A spectral floating eye (Depths:3)
  A dream sheep (shapeshifter) (Vaults:4)
  44 slime creatures
  A sphinx simulacrum (Depths:3)
  36 blink frogs
  A culicivora zombie (Crypt:1)
  7 dream sheep
  An alligator zombie (Hell)
  A human skeleton (Vaults:3)
  A draconian simulacrum (Zot:2)
  A merfolk zombie (Crypt:3)
  A fire dragon zombie (Crypt:3)
  A centaur simulacrum (Crypt:1)
  38 jumping spiders
  40 flying skulls
  3 ettin zombies
  4 air elementals
  A jumping spider (shapeshifter) (D:14)
  An alligator skeleton (Crypt:2)
  A spriggan (shapeshifter) (D:14)
  2 ynoxinuls
  An ettin skeleton (Crypt:3)
  13 water elementals
  20 culicivoras
  2 wyverns
  53 yaks
  A vampire (D:10)
  2 fire dragon skeletons
  5 shadows
  3 hogs
  2 dire elephant simulacra (Hell)
  8 wraiths
  7 basilisks
  A black mamba skeleton (Crypt:3)
  9 fire elementals
  4 golden eyes
  2 large abominations
  3 chaos spawn
  An alligator snapping turtle simulacrum (Crypt:2)
  A golden eye (shapeshifter) (D:14)
  A sea snake simulacrum (Hell)
  40 redbacks
  A steam dragon (D:9)
  A black draconian simulacrum (Zot:2)
  A purple draconian simulacrum (Zot:2)
  A neqoxec (Zig:4)
  17 vampire mosquitoes
  A hydra simulacrum (Hell)
  4 wargs
  3 nagas (Zig:7)
  Edmund (D:6)
  15 swamp worms
  11 water moccasins
  3 acid dragons
  A deep troll zombie (Crypt:1)
  A floating eye (shapeshifter) (D:14)
  Duvessa (D:5)
  3 floating eyes
  10 hell hounds
  A moth of wrath simulacrum (Zot:2)
  20 orc warriors
  A snapping turtle zombie (Crypt:1)
  A swamp dragon zombie (Crypt:2)
  An alligator simulacrum (Hell)
  38 ogres
  3 boggarts (D:15)
  7 centaurs
  A phantom (D:6)
  4 kobold brigands
  18 bullfrogs
  3 necrophages
  An earth elemental (Elf:2)
  8 scorpions
  7 wights (D:9)
  Dowan (D:5)
  17 killer bees
  4 small abominations
  3 electric eels
  A howler monkey (D:6)
  2 human simulacra (Vaults:3)
  A quasit (Abyss:2)
  3 hounds
  2 jellies (D:4)
  A gnoll bouda (D:10)
  15 orc priests
  Natasha (twice) (D:2)
  3 iguanas
  14 orc wizards
  10 hell rats (Hell)
  7 gnolls
  3 adders
  2 white imps
  3 ufetubi
  A worm (D:2)
  2 dart slugs
  53 orcs
  3 endoplasms
  6 giant cockroaches
  4 goblins
  8 hobgoblins
  2 jackals (D:5)
  4 quokkas
  6 ball pythons
  4 bats
  2 frilled lizards
  18 kobolds
  4 rats
  4 briar patches (Swamp:4)
  3 starspawn tentacles (Abyss:2)
  A tentacle (Hell)
2412 creatures vanquished.

Vanquished Creatures (others)
  A titan (Vaults:5)
  An eldritch tentacle (Zot:5)
  A shadow dragon (Depths:4)
  A storm dragon (Zot:4)
  A fire giant (Vaults:3)
  2 ironbound preservers
  A bunyip (Swamp:3)
  A deep elf death mage (Zig:8)
  2 deep elf knights
  A lindwurm (Vaults:3)
  A deep elf pyromancer (Elf:3)
  A wolf spider (Spider:4)
  2 deep elf zephyrmancers (Elf:2)
  4 bloated husks
  A jumping spider (Spider:4)
  An elf skeleton (Vaults:3)
  A boggart (D:15)
  A hell rat (Depths:1)
  4 bushes
  6 foxfires (Swamp:3)
  50 fungi
  80 plants
  A starspawn tentacle (Abyss:2)
  15 tentacles (Hell)
  8 toadstools (Swamp:1)
188 creatures vanquished.

Grand Total: 2600 creatures vanquished

Notes
Turn   | Place    | Note
-------+----------+-------------------------------------------
     0 | D:1      | bjubeck the Minotaur Berserker began the quest for the Orb.
     0 | D:1      | Reached XP level 1. HP: 19/19 MP: 0/0
    75 | D:1      | Reached XP level 2. HP: 18/27 MP: 1/1
   670 | D:1      | Found a faded altar of an unknown god.
  1162 | D:2      | Reached XP level 3. HP: 33/33 MP: 2/2
  1200 | D:2      | Noticed Natasha
  1209 | D:2      | Killed Natasha
  1210 | D:2      | Reached skill level 1 in Shields
  1328 | D:2      | Reached ** piety under Trog
  1714 | D:2      | Noticed Natasha
  1730 | D:2      | Killed Natasha
  1731 | D:2      | Reached XP level 4. HP: 14/41 MP: 3/3
  2435 | D:3      | You fall into a shaft and drop 2 floors!
  2435 | D:5      | Entered Level 5 of the Dungeon
  2448 | D:5      | Noticed a centaur
  2459 | D:5      | Killed a centaur
  2460 | D:5      | Reached XP level 5. HP: 21/47 MP: 4/4
  2465 | D:5      | Reached skill level 5 in Fighting
  2465 | D:5      | Reached skill level 5 in Axes
  2740 | D:4      | Reached XP level 6. HP: 26/56 MP: 5/5
  3222 | D:4      | Reached skill level 5 in Armour
  3251 | D:4      | Reached XP level 7. HP: 60/62 MP: 6/6
  4057 | D:5      | Noticed Duvessa
  4057 | D:5      | Noticed Dowan
  4075 | D:5      | Killed Dowan
  4078 | D:5      | Killed Duvessa
  4395 | D:5      | Found Vares's Jewellery Shoppe.
  4431 | D:5      | Found a glowing silver altar of Zin.
  4467 | D:5      | Found a staircase to the Ecumenical Temple.
  4532 | D:6      | Reached skill level 5 in Shields
  4532 | D:6      | Reached XP level 8. HP: 69/71 MP: 7/7
  4588 | D:6      | Noticed Edmund
  4611 | D:6      | Killed Edmund
  4935 | D:6      | Found a radiant altar of Vehumet.
  4968 | D:6      | Found Itrunoor's General Store.
  4975 | D:6      | Bought a scroll of noise for 12 gold pieces
  4975 | D:6      | Bought a scroll of identify for 24 gold pieces
  4975 | D:6      | Bought a scroll of identify for 24 gold pieces
  4975 | D:6      | Bought a potion of attraction for 36 gold pieces
  5208 | D:6      | Found an ancient bone altar of Kikubaaqudgha.
  5563 | D:7      | Found a white marble altar of Elyvilon.
  5573 | D:7      | Noticed a troll
  5584 | D:7      | Killed a troll
  5652 | D:7      | Found a hide-covered altar of Uskayaw.
  5770 | D:7      | Reached XP level 9. HP: 68/81 MP: 8/8
  6374 | D:7      | Found Reudam's Distillery.
  6380 | D:7      | Bought a potion of curing for 39 gold pieces
  6380 | D:7      | Bought a potion of heal wounds for 65 gold pieces
  6546 | D:7      | Found the amulet of Elemental Vulnerability {rPois rF--
                  | rC-- AC+8}
  7440 | D:8      | Found a staircase to the Lair.
  7708 | D:8      | Reached *** piety under Trog
  8116 | D:8      | Found an opulent altar of Gozag.
  8511 | D:8      | Found an iron altar of Okawaru.
  8555 | D:8      | Found a bloodstained altar of Trog.
  8802 | D:8      | Found a hazy altar of Hepliaklqana.
  8805 | D:8      | Found a shadowy altar of Dithmenos.
  9135 | D:9      | Found a stormy altar of Qazlal.
  9280 | D:9      | Reached XP level 10. HP: 91/91 MP: 9/9
  9361 | D:9      | Reached skill level 10 in Fighting
  9361 | D:9      | Reached skill level 10 in Axes
  9370 | D:9      | Reached **** piety under Trog
 10059 | D:10     | Entered Level 10 of the Dungeon
 10073 | D:10     | Found a staircase to the Orcish Mines.
 10571 | D:10     | Noticed a gargoyle
 10579 | D:10     | Killed a gargoyle
 11179 | Lair:1   | Entered Level 1 of the Lair of Beasts
 11185 | Lair:1   | Reached XP level 11. HP: 89/104 MP: 10/10
 13025 | Lair:2   | Noticed a boulder beetle
 13037 | Lair:2   | Killed a boulder beetle
 13154 | Lair:2   | Reached ***** piety under Trog
 13237 | Lair:2   | Noticed a boulder beetle
 13246 | Lair:2   | Killed a boulder beetle
 13648 | Lair:2   | Noticed Maggie
 13657 | Lair:2   | Killed Maggie
 13658 | Lair:2   | Reached XP level 12. HP: 114/118 MP: 11/11
 13667 | Lair:2   | Noticed Fannar
 13676 | Lair:2   | Killed Fannar
 14364 | Lair:3   | You fall into a shaft and drop 1 floor!
 14428 | Lair:4   | Reached skill level 15 in Fighting
 14428 | Lair:4   | Reached skill level 15 in Axes
 14844 | Lair:4   | Noticed a death yak
 14856 | Lair:4   | Noticed a death yak
 14858 | Lair:4   | Noticed a death yak
 14861 | Lair:4   | Killed a death yak
 14865 | Lair:4   | Noticed a death yak
 14865 | Lair:4   | Noticed a death yak
 14870 | Lair:4   | Killed a death yak
 14872 | Lair:4   | Killed a death yak
 14876 | Lair:4   | Killed a death yak
 14877 | Lair:4   | Killed a death yak
 15848 | Lair:3   | Found a hole to the Spider Nest.
 16168 | Lair:3   | Reached XP level 13. HP: 92/130 MP: 12/12
 16426 | Lair:3   | Found a staircase to the Swamp.
 17182 | Lair:5   | Entered Level 5 of the Lair of Beasts
 17182 | Lair:5   | Found a gate leading to a gauntlet.
 19230 | Lair:5   | Received a gift from Trog
 19751 | Lair:5   | Identified the +1 plate armour of Follow the Leader {-Cast
                  | Harm Rampage Str+8}
 20313 | Lair:5   | Found a basalt altar of Yredelemnul.
 20460 | Lair:5   | Found a viscous altar of Jiyva.
 20460 | Lair:5   | Found a staircase to the Slime Pits.
 20689 | D:11     | Reached XP level 14. HP: 133/146 MP: 13/13
 20718 | D:11     | Found Hawo's Armour Emporium.
 20746 | D:11     | Bought a +0 kite shield for 49 gold pieces
 20871 | D:11     | Noticed Sonja
 20876 | D:11     | Killed Sonja
 20982 | D:11     | Noticed Psyche
 20999 | D:11     | Killed Psyche
 21694 | D:12     | Noticed Kirke
 21733 | D:12     | Killed Kirke
 22331 | Orc:1    | Entered Level 1 of the Orcish Mines
 22592 | Orc:2    | Entered Level 2 of the Orcish Mines
 22663 | Orc:2    | Paralysed by an orc sorcerer for 2 turns
 22813 | Orc:1    | Reached ****** piety under Trog
 22945 | Orc:1    | Paralysed by a floating eye for 2 turns
 22962 | Orc:1    | Received a gift from Trog
 23051 | Orc:1    | Found a runed translucent gate.
 23052 | Orc:1    | Found a runed translucent gate.
 23052 | Orc:1    | Found an opulent altar of Gozag.
 23053 | Orc:1    | Found a runed translucent gate.
 23226 | Orc:1    | Noticed nshep25's ghost (novice MiFi)
 23686 | Orc:2    | Paralysed by something for 2 turns
 24123 | Orc:2    | Found Intulih's Weapon Boutique.
 24123 | Orc:2    | Found Ciadifi's Magic Scroll Shoppe.
 24124 | Orc:2    | Found Ebaasch's Weapon Emporium.
 24124 | Orc:2    | Found Pyeroap's Assorted Antiques.
 24206 | Orc:2    | Paralysed by an orc sorcerer for 2 turns
 24230 | Orc:2    | Received a gift from Trog
 24305 | Orc:2    | Reached XP level 15. HP: 131/155 MP: 4/14
 24495 | Orc:2    | Found a staircase to the Elven Halls.
 24973 | Elf:1    | Entered Level 1 of the Elven Halls
 25134 | Elf:1    | Reached skill level 10 in Armour
 25302 | Elf:1    | Noticed Aizul
 25325 | Elf:1    | Killed Aizul
 25416 | Elf:1    | Reached skill level 5 in Dodging
 25582 | Elf:1    | Noticed Azrael
 25613 | Elf:1    | Killed Azrael
 26559 | D:13     | Noticed Lodul
 26574 | D:13     | Killed Lodul
 26707 | D:13     | Identified the +0 pair of gloves of Cugyvoyja {Rampage
                  | rPois Stlth-}
 27120 | D:14     | Received a gift from Trog
 27535 | D:14     | Found a gate to the Vaults.
 27911 | D:14     | Identified the +5 ring mail "Hotal" {*Slow Str+5}
 28183 | D:14     | Reached XP level 16. HP: 170/170 MP: 15/15
 28714 | Swamp:1  | Entered Level 1 of the Swamp
 28803 | Swamp:1  | Found a runed translucent gate.
 28803 | Swamp:1  | Found a runed translucent gate.
 28803 | Swamp:1  | Found a runed translucent gate.
 28805 | Swamp:1  | Noticed leafyfresh's ghost (adept DjIE)
 29121 | Swamp:1  | Noticed a thorn hunter
 29132 | Swamp:1  | Killed a thorn hunter
 29221 | Swamp:1  | Identified the +1 leather armour "Trusted Companion" {rC+
                  | Will+ Dex-5}
 29235 | Swamp:1  | Paralysed by a hornet for 3 turns
 29712 | Swamp:1  | Killed leafyfresh's ghost
 29715 | Swamp:1  | Identified the +7 war axe of Integrity {spect, rF+ rN+
                  | Str+2 Int+2}
 29870 | Swamp:1  | Identified the +4 battleaxe of Execution {vorpal, rF+
                  | Str+4} (Trog gifted it to you on level 1 of the Swamp)
 29870 | Swamp:1  | Received a gift from Trog
 30667 | Swamp:2  | Reached skill level 10 in Shields
 30741 | Swamp:2  | Identified a scroll of acquirement
 30742 | Swamp:2  | Acquired the +1 hat "Natteopp" {Dex+4}
 31216 | Swamp:3  | Reached skill level 10 in Dodging
 31886 | Swamp:3  | Found an ornate altar of the Wu Jian Council.
 31906 | Swamp:3  | Received a gift from Trog
 32329 | Swamp:4  | Entered Level 4 of the Swamp
 32850 | Swamp:4  | Acquired the +1 tower shield "Dudialod" {rCorr MP+9}
 32853 | Swamp:4  | Reached XP level 17. HP: 178/178 MP: 16/16
 33024 | Swamp:4  | Reached XP level 18. HP: 152/180 MP: 17/17
 33277 | Swamp:4  | Received a gift from Trog
 33278 | Swamp:4  | Reached skill level 15 in Armour
 33422 | Swamp:4  | Noticed a tentacled monstrosity
 33437 | Swamp:4  | Killed a tentacled monstrosity
 33683 | Swamp:4  | Got a decaying rune of Zot
 33984 | Spider:1 | Entered Level 1 of the Spider Nest
 34076 | Spider:1 | Identified the amulet of Lengi {Reflect +Blink rC+ SH+5}
 34261 | Spider:1 | Reached skill level 1 in Evocations
 35625 | Spider:2 | Received a gift from Trog
 35962 | Spider:2 | Found a transporter.
 35979 | Spider:2 | Found a transporter.
 35984 | Spider:2 | Noticed hbarley's ghost (adept HOFi)
 36987 | Spider:2 | HP: 12/280 [something (6)]
 38196 | Spider:3 | Upgraded the game from 0.29.1-13-g9f3cf754e1 to
                  | 0.29.1-14-g9c671dbff4
 38204 | Spider:4 | Entered Level 4 of the Spider Nest
 38210 | Spider:3 | Identified the +9 hand axe "Nulan" {vorpal, rF+} (Trog
                  | gifted it to you on level 3 of the Spider Nest)
 38210 | Spider:3 | Received a gift from Trog
 38332 | Spider:3 | Reached XP level 19. HP: 122/193 MP: 18/18
 38657 | Spider:4 | Noticed Asterion
 38663 | Spider:3 | Reached skill level 5 in Evocations
 38738 | Spider:3 | Killed Asterion
 39714 | Spider:4 | Received a gift from Trog
 40146 | Spider:4 | Got a gossamer rune of Zot
 40218 | Spider:4 | Found a transporter.
 40219 | Spider:4 | Noticed mikeweasel's ghost (adept HOMo)
 40230 | Spider:4 | Found a transporter.
 40820 | Elf:1    | Reached skill level 15 in Shields
 41395 | Elf:1    | Acquired the +1 hat of Janur {Str+4 Int+7}
 41565 | Elf:2    | Paralysed by an air elemental for 1 turns
 41633 | Elf:2    | Paralysed by an air elemental for 1 turns
 41929 | Elf:2    | Found Reorue's Book Emporium.
 42045 | Elf:2    | Found a runed translucent gate.
 42046 | Elf:2    | Found a runed translucent gate.
 42046 | Elf:2    | Found a runed translucent gate.
 42098 | Elf:2    | Identified the ring of Cesoasim {MP+9 Stlth+}
 42140 | Elf:3    | Entered Level 3 of the Elven Halls
 42268 | Elf:3    | Received a gift from Trog
 42280 | Elf:3    | Found Keavu's Neck Hole.
 42619 | Elf:3    | Found Vezxuvvy's Book Emporium.
 42743 | Elf:3    | Paralysed by an air elemental for 1 turns
 43308 | Elf:3    | Noticed a Tzitzimitl
 43316 | Elf:3    | Noticed a Tzitzimitl
 43765 | Elf:3    | Reached skill level 15 in Dodging
 43954 | Elf:3    | Identified the ring "Qouwox" {rElec rF+ rN+ EV+4}
 44213 | Elf:3    | Identified the +0 chain mail of the Thistle {rN+++ Slay+5
                  | Stlth+}
 44468 | Elf:3    | Received a gift from Trog
 44537 | Elf:3    | Reached XP level 20. HP: 197/202 MP: 19/19
 44607 | Abyss:2  | Cast into level 2 of the Abyss (a deep elf sorcerer)
 44749 | Abyss:2  | Paralysed by an air elemental for 1 turns
 44752 | Abyss:2  | Paralysed by an air elemental for 1 turns
 44757 | Elf:3    | Escaped the Abyss
 44761 | Elf:3    | Identified the ring of the Tormentor {rC- Str+2 SInv
                  | Stlth+}
 44919 | Elf:3    | Identified the +7 falchion "Evo Deck" {vorpal, SInv}
 45125 | Elf:3    | Identified the +1 scale mail "Soof" {rN+ Stlth+}
 45132 | Elf:3    | Identified the +0 ring mail of Nivvir {rPois Stlth+}
 45238 | Elf:3    | Identified the +3 ring mail of Green Beauty {Int+9 Dex+2
                  | Slay-5 SInv}
 45273 | Elf:3    | Reached XP level 21. HP: 210/210 MP: 20/20
 45274 | Elf:3    | Reached XP level 22. HP: 217/217 MP: 21/21
 46031 | Elf:2    | Identified the +10 hand axe of Joyful Slaughter {vorpal,
                  | Dex+4} (Trog gifted it to you on level 2 of the Elven
                  | Halls)
 46031 | Elf:2    | Received a gift from Trog
 47424 | D:15     | Entered Level 15 of the Dungeon
 47645 | D:15     | Found a shadowy altar of Dithmenos.
 47903 | D:15     | Found a staircase to the Depths.
 48078 | D:15     | Found Yhutrecs's Magic Scroll Boutique.
 48090 | D:15     | Bought a scroll of teleportation for 54 gold pieces
 48090 | D:15     | Bought a scroll of teleportation for 54 gold pieces
 48090 | D:15     | Bought a scroll of teleportation for 54 gold pieces
 48090 | D:15     | Bought a scroll of magic mapping for 135 gold pieces
 48364 | D:15     | Identified the ring of Waus {rElec AC+4}
 48684 | Vaults:1 | Entered Level 1 of the Vaults
 48696 | Vaults:1 | Received a gift from Trog
 49379 | Vaults:1 | Reached skill level 10 in Evocations
 49692 | Vaults:1 | Identified the +1 robe "Ahueshao" {*Slow rElec rCorr Int+3}
 49694 | Vaults:1 | Received a gift from Trog
 51227 | Vaults:2 | Reached XP level 23. HP: 150/226 MP: 22/22
 51790 | Vaults:2 | Received a gift from Trog
 52903 | Vaults:3 | Noticed Nikola
 52916 | Vaults:3 | HP: 11/227 [titan/the air (22)]
 53391 | Vaults:3 | Found a staircase to the Crypt.
 53391 | Vaults:3 | Found a basalt altar of Yredelemnul.
 53391 | Vaults:3 | Found an ancient bone altar of Kikubaaqudgha.
 53628 | Vaults:3 | Killed Nikola
 54624 | Vaults:4 | Noticed Saint Roka
 54654 | Vaults:4 | Killed Saint Roka
 55020 | Vaults:4 | Received a gift from Trog
 55293 | Vaults:4 | Paralysed by a great orb of eyes for 2 turns
 55742 | Vaults:4 | Found Xytiduv's Book Shoppe.
 56678 | Crypt:1  | Entered Level 1 of the Crypt
 57315 | Crypt:1  | Received a gift from Trog
 58198 | Crypt:1  | You fall into a shaft and drop 1 floor!
 58295 | Crypt:2  | Reached XP level 24. HP: 239/239 MP: 22/22
 58568 | Crypt:2  | Received a gift from Trog
 59173 | Crypt:2  | Found an ancient bone altar of Kikubaaqudgha.
 59492 | Crypt:2  | Paralysed by something for 3 turns
 59884 | Crypt:2  | Noticed a royal mummy
 59896 | Crypt:2  | Killed a royal mummy
 60611 | Crypt:2  | Noticed a royal mummy
 60618 | Crypt:2  | Killed a royal mummy
 61080 | Crypt:2  | Found a basalt altar of Yredelemnul.
 61391 | Crypt:2  | Paralysed by a vampire knight for 4 turns
 61487 | Crypt:2  | Noticed a royal mummy
 61487 | Crypt:2  | Found the +7 sceptre of Torment {pain, torment}
 61500 | Crypt:2  | Killed a royal mummy
 61646 | Crypt:3  | Entered Level 3 of the Crypt
 61657 | Crypt:3  | Received a gift from Trog
 62255 | Crypt:3  | Noticed Boris
 62265 | Crypt:3  | Killed Boris
 62333 | Crypt:3  | Noticed Grunn
 62349 | Crypt:3  | Killed Grunn
 62350 | Crypt:3  | Received a gift from Trog
 63047 | Crypt:3  | Found a basalt altar of Yredelemnul.
 63048 | Crypt:3  | Noticed a dread lich
 63057 | Crypt:3  | Killed a dread lich
 63362 | Crypt:3  | Identified the ring "Ikhel Tim" {rF+ rC+ rN+ Str+4}
 63362 | Crypt:3  | Identified the ring "Kypnaubi" {rPois rN+ Int+4}
 63520 | Crypt:3  | Found a staircase to the Tomb.
 63821 | Tomb:1   | Entered Level 1 of the Tomb of the Ancients
 64132 | Depths:1 | Entered Level 1 of the Depths
 64572 | Vaults:5 | Entered Level 5 of the Vaults
 65115 | Vaults:4 | Reached XP level 25. HP: 175/250 MP: 22/22
 65526 | Vaults:5 | Received a gift from Trog
 65990 | Vaults:5 | Identified the +9 trident "Okimam" {freeze, rElec rF+++
                  | Will- Dex+2}
 66028 | Vaults:5 | Identified the +7 swamp dragon scales "Amuohoff" {rPois
                  | rN+}
 66076 | Vaults:5 | Found Ikithron's Magic Scroll Shop.
 66084 | Vaults:5 | Bought a scroll of magic mapping for 90 gold pieces
 66084 | Vaults:5 | Bought a scroll of acquirement for 624 gold pieces
 66085 | Vaults:5 | Acquired a manual of Dodging
 66570 | Vaults:5 | Received a gift from Trog
 66738 | Vaults:5 | Identified the +7 war axe of Arcadian Purpose {flame,
                  | +Blink rElec rC+}
 66738 | Vaults:5 | Noticed Boris
 66744 | Vaults:5 | Killed Boris
 67377 | Vaults:5 | Found the +10 tower shield of Ignorance {rN+ Int-4}
 67565 | Vaults:5 | Received a gift from Trog
 67911 | Vaults:5 | Found Qiehut's Assorted Antiques.
 67964 | Vaults:5 | Bought a potion of heal wounds for 215 gold pieces
 68392 | Vaults:5 | Got a silver rune of Zot
 68985 | Depths:1 | Found a one-way gateway to a ziggurat.
 69008 | Depths:1 | Found Zel Sol's Jewellery Boutique.
 69086 | Depths:1 | Received a gift from Trog
 69972 | Depths:1 | Found a gateway to Hell.
 70554 | Hell     | Entered the Vestibule of Hell
 70554 | Hell     | Noticed Geryon
 71237 | Hell     | Gained mutation: You sometimes lose your temper in combat.
                  | [a cacodemon]
 71241 | Depths:1 | Reached XP level 26. HP: 264/264 MP: 22/22
 71602 | Hell     | Killed Geryon
 71721 | Hell     | Received a gift from Trog
 71868 | Hell     | Found a gateway to the ashen valley of Gehenna.
 71920 | Hell     | Found a gateway to the decaying netherworld of Tartarus.
 72029 | Hell     | Found a gateway to the freezing wastes of Cocytus.
 72484 | Hell     | Found a gateway to the Iron City of Dis.
 72592 | Zig:1    | Entered Level 1 of a ziggurat
 72679 | Zig:2    | Entered Level 2 of a ziggurat
 72679 | Zig:2    | Found the +5 sword of Power {vorpal}
 72715 | Zig:3    | Entered Level 3 of a ziggurat
 72825 | Zig:4    | Entered Level 4 of a ziggurat
 72851 | Zig:5    | Entered Level 5 of a ziggurat
 72852 | Zig:5    | Noticed Govafato the pandemonium lord
 72862 | Zig:5    | Reached skill level 27 in Fighting
 72867 | Zig:5    | Killed Govafato the pandemonium lord
 73147 | Zig:6    | Entered Level 6 of a ziggurat
 73153 | Zig:6    | Received a gift from Trog
 73431 | Zig:7    | Entered Level 7 of a ziggurat
 73508 | Zig:7    | Identified the +8 great sword "Burrig" {protect, rElec rC+
                  | Str+2 Dex+4}
 73509 | Zig:7    | Identified the +7 rapier of the Singing Hero {antimagic,
                  | rPois Will++ Int+2 Dex-2}
 73513 | Zig:7    | Identified the +11 plate armour of Xogyeg {rPois rC+ Dex-4}
 73522 | Zig:7    | Identified the +2 ring mail of Activism {rElec}
 73549 | Zig:8    | Entered Level 8 of a ziggurat
 73555 | Zig:8    | Found the +10 zealot's sword {holy, *Rage rN+ EV+3}
 73588 | Zig:8    | HP: 16/399 [demonspawn black sun/+2 demon trident of
                  | electrocution (13)]
 73605 | Zig:8    | Identified the +2 mace "Deudyziv" {vorpal, rF+ rC- rN+
                  | Int+7}
 73613 | Zig:8    | Identified the +4 glaive "Agrorghu" {drain, Will+ rCorr
                  | Int-5}
 74286 | Depths:2 | Identified the ring "Raekial" {rPois Str+3 Dex+5 SInv
                  | Stlth+}
 74296 | Depths:2 | Received a gift from Trog
 74412 | Depths:2 | Noticed a juggernaut
 74412 | Depths:2 | Noticed Boris
 74977 | Depths:2 | Killed a juggernaut
 75152 | Depths:1 | Killed Boris
 75269 | Depths:2 | Reached skill level 27 in Armour
 75798 | Depths:2 | Found a one-way gate leading to the halls of Pandemonium.
 76008 | Depths:2 | Found Fumyt's Book Shop.
 76008 | Depths:2 | Found Saizim's Jewellery Shoppe.
 76012 | Depths:2 | Found Zexyoxke's Jewellery Shoppe.
 76229 | Depths:3 | Received a gift from Trog
 76473 | Depths:3 | Reached XP level 27. HP: 273/273 MP: 22/22
 76663 | Depths:4 | Entered Level 4 of the Depths
 77160 | Depths:4 | Found a gate to the Realm of Zot.
 77407 | Depths:4 | Received a gift from Trog
 77540 | Depths:4 | Noticed Sojobo
 77598 | Depths:4 | Killed Sojobo
 78513 | Depths:4 | Found a bloodstained altar of Trog.
 78609 | Zot:1    | Entered Level 1 of the Realm of Zot
 78617 | Zot:1    | Identified the ring "Qelierim" {rPois rF++ Int+3 Dex-3}
 79259 | Zot:1    | Received a gift from Trog
 79660 | Zot:1    | Found a shimmering altar of Xom.
 79660 | Zot:1    | Noticed dylex's ghost (legendary DjVM)
 79665 | Zot:1    | Found a runed translucent door.
 80643 | Zot:2    | Identified the ring of Ephemeral Luck {Ice rElec Will+
                  | Dex-3 Slay+4}
 80643 | Zot:2    | Noticed Josephina
 80645 | Zot:2    | Received a gift from Trog
 80656 | Zot:2    | Killed Josephina
 81330 | Zot:2    | Noticed a dread lich
 81341 | Zot:2    | Noticed a dread lich
 81344 | Zot:2    | Identified the +12 dagger "Aprofrar" {elec, rElec rF+
                  | Str+2}
 81352 | Zot:2    | Killed a dread lich
 81357 | Zot:2    | Killed a dread lich
 81798 | Zot:2    | Noticed an ancient lich
 81799 | Zot:2    | Identified the +4 lajatang of Qazlal's Inspiration {vorpal,
                  | rElec Int+4}
 81809 | Zot:2    | Killed an ancient lich
 82415 | Zot:3    | Received a gift from Trog
 83157 | Zot:4    | Identified the +6 spear of Pride {flame, Fly MP+9 Int+4}
 83293 | Zot:4    | Noticed an orb of fire
 83306 | Zot:4    | Killed an orb of fire
 84555 | Zot:5    | Entered Level 5 of the Realm of Zot
 84560 | Zot:5    | Found a large runed translucent door.
 84560 | Zot:5    | Found a large runed translucent door.
 84564 | Zot:5    | Noticed bakla's ghost (legendary DjIE)
 84595 | Zot:5    | Received a gift from Trog
 85385 | Zot:5    | Noticed an orb of fire
 85394 | Zot:5    | Gained mutation: Your magical capacity is low. (-10% MP)
                  | [an orb of fire]
 85654 | Zot:5    | Gained mutation: Your spells are a little easier to cast,
                  | but a little less powerful. [an orb of fire]
 85670 | Zot:5    | Gained mutation: You are weak. (Str -2) [an orb of fire]
 85671 | Zot:5    | Killed an orb of fire
 85976 | Zot:5    | Killed bakla's ghost
 86403 | Zot:5    | Noticed a dread lich
 86405 | Zot:5    | Noticed an orb of fire
 86408 | Zot:5    | Noticed a dread lich
 86418 | Zot:5    | Paralysed by something for 2 turns
 86422 | Zot:5    | Gained mutation: Potions are less effective at restoring
                  | your health. [an orb of fire]
 86438 | Zot:5    | Gained mutation: You are very weak. (Str -4) [an orb of
                  | fire]
 86442 | Zot:5    | Gained mutation: You have an uncontrollable temper. [an orb
                  | of fire]
 86444 | Zot:5    | Gained mutation: You are clumsy. (Dex -2) [an orb of fire]
 86935 | Zot:5    | Killed an orb of fire
 87154 | Zot:5    | Paralysed by a dread lich for 5 turns
 87162 | Zot:5    | Noticed a dread lich
 87163 | Zot:5    | Killed a dread lich
 87185 | Zot:5    | Killed a dread lich
 87213 | Zot:5    | Noticed an orb of fire
 87249 | Zot:5    | Killed an orb of fire
 87599 | Zot:5    | Reached skill level 27 in Shields
 87642 | Zot:5    | Reached skill level 27 in Dodging
 87885 | Zot:5    | Identified the +8 hand axe "Kirraw" {vorpal, Dex+9 Stlth-}
                  | (Trog gifted it to you on level 5 of the Realm of Zot)
 87885 | Zot:5    | Received a gift from Trog
 88021 | Zot:5    | Noticed an orb of fire
 88034 | Zot:5    | Killed an orb of fire
 88223 | Zot:5    | Gained mutation: You are very clumsy. (Dex -4) [a
                  | cacodemon]
 88225 | Zot:5    | Killed a dread lich
 88230 | Zot:5    | Noticed a dread lich
 88236 | Zot:5    | Killed a dread lich
 88290 | Zot:5    | Got the Orb of Zot
 88821 | D:12     | Noticed Boris
 88826 | D:12     | Killed Boris
 89161 | D:1      | Noticed Akac the pandemonium lord
 89194 | D:$      | Escaped with the Orb!

Illustrated notes

Levels and vault maps discovered:
D:1:      ncdulo_lavacross, layout_basic, ebering_ecumenical_altar_sacrificial,
          nrook_mini_backslash, hangedman_decor_points
D:2:      layout_basic, uniq_natasha
D:3:      kennysheep_six_static_rooms, layout_loops_corners
D:4:      layout_basic
D:5:      layout_basic, zin_treasury, minmay_temple_entry_fiery, serial_shops,
          kennysheep_mini_moat, chequers_serial_rivers_small_b, uniq_duvessa
D:6:      layout_rooms, mainiacjoe_overflow_alcove_4,
          mainiacjoe_overflow_tiny_flanked, serial_curves, eino_curves_01,
          eino_curves_03, serial_shops, nicolae_stop_n_shop_1, uniq_edmund
D:7:      layout_basic, nicolae_uskayaw_murder_on_the_dancefloor,
          nicolae_elyvilon_peaceful_grove, serial_shops, kennysheep_little_box,
          minmay_microvault
D:8:      layout_basic, riverfiend_overflow_shadow_ancestor,
          general_overflow_altar, mainiacjoe_overflow_catch_the_wave,
          lair_entry_dummy
D:9:      layout_roguey, mainiacjoe_overflow_small_starburst
D:10:     layout_irregular_city, orc_0_dummy, chequers_serial_rivers_room_b
D:11:     layout_basic, serial_shops, shop_statue, minivault_25_ag,
          hangedman_decor_opposing, hangedman_abyss_or_decor_stagger,
          uniq_sonja, uniq_psyche
D:12:     layout_rooms, uniq_kirke
D:13:     layout_roguey, uniq_lodul
D:14:     nzn_winding_woodlands_medium [nzn_winding_woodlands_5x5_perimeter,
          nzn_winding_woodlands_5x15_crooked,
          nzn_winding_woodlands_5x5_closed_star,
          nzn_winding_woodlands_5x5_checkerboard,
          nzn_winding_woodlands_center_pierced_h,
          nzn_winding_woodlands_5x5_cross, nzn_winding_woodlands_5x5_default,
          nzn_winding_woodlands_5x15_split_checker,
          nzn_winding_woodlands_5x5_open_star], layout_long_grid, david_vaults_2
D:15:     hangedman_depths_entry_try_elsewhere_first, layout_irregular_city,
          nicolae_dithmenos_shadow_blocks, serial_shops, shop_statue,
          minmay_shattered_shrine
Lair:1:   layout_hall_layers, serial_bayou_shore_b, grunt_megastairs_5
Lair:2:   layout_cave_pods, uniq_maggie, uniq_fannar
Lair:3:   layout_regular_city, swamp_mist_pool, nicolae_spider_entry_non_spiders
Lair:4:   layout_gridlike, lemuel_fruit_tree
Lair:5:   minmay_lair_end_frog_pond, layout_loops_ring,
          dpeg_slime_entry_enclosed, gauntlet_entry_generic, basic_altar,
          hangedman_lair_generics_rect, grunt_megastairs_4
Swamp:1:  cheibrodos_swamp_tower_of_moss, layout_basic_swamp,
          gammafunk_ghost_hydra_chop, nicolae_swamp_fairy_circle,
          infiniplex_staircase_pool_2
Swamp:2:  layout_falls_marsh, nicolae_swamp_triple_paths,
          infiniplex_staircase_pool
Swamp:3:  layout_basic_swamp, lemuel_altar_in_water2
Swamp:4:  swamp_vile, layout_basic_swamp, nicolae_swamp_nymph_family_reunion
Spider:1: layout_spider_delve, einodemon_crawler_minivault
Spider:2: layout_chambers, gammafunk_ghost_berserking_beasts
Spider:3: layout_spider_delve
Spider:4: grunt_spider_rune_circles, gammafunk_ghost_mausoleum,
          nicolae_spider_webbed_stairs, uniq_asterion
Orc:1:    hellmonk_paralyzer, layout_caves, ebering_ghost_gozag,
          portal_ice_cave_entry_pillars_2
Orc:2:    st_orc_ogre_mass, layout_caves
Elf:1:    nicolae_elf_arrival_no_cutting_in_line, layout_loops_cross,
          minmay_elf_annihilation, uniq_azrael, uniq_aizul
Elf:2:    nicolae_elf_blades_crystal_corner, layout_geoelf_grid, serial_shops,
          shop
Elf:3:    minmay_elf_hall_furrowed, layout_geoelf_diagonals, serial_shops,
          nicolae_shop_trees, nicolae_shop_sticking_my_neck_out
Vaults:1: ontoclasm_vaults_idyll, ontoclasm_vaults_ligature,
          vaults_mumra_chevron_long, v_alt_pattern_5, st_greater_box_1,
          grunt_vaults_twisty, nicolae_vaults_little_squares_1,
          vaults_dpeg_emergency_exit, vaults_room_door_ring, vaults_dpeg_hooks,
          layout_vaults_omnicross
Vaults:2: v_misc_12, grunt_vaults_hallway_short, grunt_vaults_hallway_short,
          ontoclasm_vaults_pinch, vaults_mumra_minichess, vaults_room_corners,
          vaults_room_grid, v_rooms_4, nicolae_vaults_rhombus_5,
          hangedman_vaults_corner, vaults_dpeg_spiral,
          hangedman_vaults_restitches, layout_vaults_maze_bifur
Vaults:3: v_pattern_3, st_octagons_1, nicolae_vaults_network_s,
          hangedman_vaults_variations, minmay_crypt_entry_necro_gods,
          hangedman_vaults_stagger, v_misc_5, vaults_mumra_hex,
          vaults_room_hallway, layout_vaults_omnigrid, uniq_nikola
Vaults:4: hangedman_vaults_stream, hangedman_vaults_corner_blocks,
          nicolae_vaults_big_angled_halls, v_alt_pattern_4,
          nicolae_vaults_circle_grid_b, v_alt_pattern_1, ontoclasm_vaults_chip,
          grunt_vaults_hallway_long, nicolae_vaults_network_star, v_misc_1,
          dpeg_vaults_monster_row, v_misc_19, v_misc_2, layout_vaults_omnibox,
          serial_shops, shop, uniq_saint_roka
Vaults:5: serial_shops
Crypt:1:  layout_rooms
Crypt:2:  minmay_guarded_unrand_sceptre_of_torment, layout_regular_city,
          hangedman_crypt_dual_shrines, lemuel_upstairs_altar
Crypt:3:  cryptofortress_bobbens, uniq_grunn, uniq_boris
Tomb:1
Depths:1: layout_cave_pools, enter_ziggurat_e, serial_shops,
          nicolae_shop_crystal, hell_entry, serial_co_window_serial,
          co_window_of_opportunity_a, co_window_corner_a,
          co_window_of_opportunity_a, co_window_corner_a, co_window_paths_a,
          co_window_unsneaky_path_e, co_window_2corner,
          co_window_of_opportunity_b, co_window_of_opportunity_b,
          co_window_paths_e
Depths:2: minmay_the_grid_octo_tiled_octocenter_mashed
          [minmay_the_grid_octo_horde, minmay_the_grid_octo_teeth,
          minmay_the_grid_octo_concentric, minmay_the_grid_octo_tetromino_candy,
          minmay_the_grid_octo_prize_square_snowflake,
          minmay_the_grid_square_5x5_two_walls_b,
          minmay_the_grid_square_5x5_half_checkered,
          minmay_the_grid_square_5x5_hollow_slash,
          minmay_the_grid_square_5x5_gyroscope], layout_gridville, hell_entry,
          pan_entry, minmay_shop_grove, infiniplex_staircase_zigzag_1
Depths:3: lemuel_river_lethe, hell_entry, serial_shops, abyss_entry
Depths:4: grunt_zot_entry_alcove, layout_basic, grunt_pan_entry_zigzag,
          lemuel_round_altar, hell_entry, uniq_sojobo
Hell
Zot:1:    layout_twisted_circle, ebering_ghost_xom, st_stairs_14
Zot:2:    hangedman_zot_vaults_quadrants, layout_onion, uniq_josephina
Zot:3:    layout_gridlike, grunt_megastairs_2
Zot:4:    layout_cathedral_of_symmetry, grunt_megastairs_1
Zot:5:    layout_misc_corridors, ebering_ghost_disaster_area

Skill      XL: |  1  2  3  4  5  6  7  8  9 10 11 12 13 14 15 16 17 18 19 20 21 22 23 24 25 26 27 |
---------------+----------------------------------------------------------------------------------+-----
Fighting       | 4 5 6 8 9 12 14 16 19 21 22 23 24 25 26 27 | 27.0
Axes           | 4 5 6 8 9 12 14 16 18 20 26 | 26.0
Armour         | 3 4 5 6 7 9 12 14 16 18 20 21 23 24 27 | 27.0
Shields        | 1 2 3 5 6 8 11 14 15 16 18 19 21 22 23 27 | 27.0
Dodging        | 8 11 13 15 17 18 20 22 24 27 | 27.0
Evocations     | 4 7 8 9 10 | 10.0

Action                   |  1- 3 |  4- 6 |  7- 9 | 10-12 | 13-15 | 16-18 | 19-21 | 22-24 | 25-27 || total
-------------------------+-------+-------+-------+-------+-------+-------+-------+-------+-------++-------
Melee: Hand axe          |    71 |    73 |   331 |       |       |       |       |    30 |       ||   505
       Headbutt          |    11 |     9 |    56 |    62 |   205 |   215 |   105 |   480 |   762 ||  1905
       Battleaxe         |       |       |    12 |   314 |   802 |   332 |       |       |       ||  1460
       Broad axe         |       |       |       |       |    84 |    59 |       |       |       ||   143
       War axe           |       |       |       |       |       |   395 |   413 |  1236 |  2156 ||  4200
Throw: Dart              |       |       |    10 |    44 |    52 |    28 |     7 |       |     5 ||   146
Invok: Berserk           |     1 |     1 |     8 |     2 |     5 |     9 |     2 |     2 |    14 ||    44
       Trog's Hand       |       |       |       |     1 |       |       |       |       |       ||     1
 Abil: Evoke Blink       |       |       |       |       |       |       |       |     1 |       ||     1
Evoke: Wand              |       |       |       |       |       |       |       |       |     1 ||     1
  Use: Potion            |       |       |       |     1 |     3 |     2 |     5 |     5 |    10 ||    26
       Scroll            |       |       |       |       |    23 |    11 |     3 |     3 |    16 ||    56
 Stab: Sleeping          |     2 |     1 |       |       |       |       |       |       |       ||     3
       Distracted        |       |       |       |       |       |     9 |     6 |    34 |    57 ||   106
Armor: Animal skin       |     5 |     4 |       |       |       |       |       |       |       ||     9
       Skin              |     7 |       |       |       |       |       |       |       |       ||     7
       Scale mail        |       |    20 |    41 |       |       |       |       |       |       ||    61
       Plate armour      |       |       |   108 |   177 |   324 |   369 |   112 |       |   323 ||  1413
       Chain mail        |       |       |       |       |       |       |     9 |   201 |   107 ||   317
       Gold dragon scale |       |       |       |       |       |       |       |       |    72 ||    72
Dodge: Dodged            |    34 |    37 |   107 |   103 |   312 |   368 |   136 |   378 |   726 ||  2201
Block: Buckler           |     2 |    19 |    64 |       |       |       |       |       |       ||    85
       Kite shield       |       |       |       |       |    46 |    66 |       |       |       ||   112
       Tower shield      |       |       |       |       |       |   357 |   403 |  1112 |  1960 ||  3832
       Reflection        |       |       |       |       |       |       |    46 |    93 |    44 ||   183
